AoeStats
← chirigatica

Migration

510224350Analyzed
1v1 RM · 3d ago on Sep 30, 2026· 29m 14s· 2 players
Game mode
Random Map
Map size
132×132
Population
200
Speed
Normal
Resources
Standard
Victory
Conquest
Starting age
Dark Age
Ending age
Imperial Age
RankedLock teamsTeams togetherTeam positionsShared explorationLock speedFull tech treeHidden civsTurbo modeCheats
Victory
Defeat
🇨🇱 Sicilians · Chile
251
+18
🇨🇦 Burgundians · Canada
292
-18
chirigatica
4:52 Loom
11:44 Feudal Age
12:09 Horse Collar
12:17 Double-Bit Axe
14:28 Fletching
18:22 Wheelbarrow
18:33 Wheelbarrow
21:51 Gold Mining
21:54 Stone Mining
26:22 Castle Age
24:44 Forging
28:39 Hand Cart
28:16 Pikeman
29:46 Bodkin Arrow
30:26 Iron Casting
NateWheeler
7:18 Horse Collar
14:18 Feudal Age
17:13 Double-Bit Axe
22:33 Castle Age
26:35 Husbandry
25:55 Light Cavalry
25:56 Cavalier
Connection lost

Rejoining the realm…

Still unreachable

The connection could not be restored.

Session expired

The server has moved on; the page needs a fresh start.